 Dungeon Crawl Stone Soup version 0.30-a0-1163-gf69bf04e7a (webtiles) character file.

Game seed: 4839164986436998530

54 Adrian566 the Slasher (level 3, -4/26 (27) HPs)
             Began as a Vampire Gladiator on Apr 28, 2023.
             Slain by Crazy Yiuf
             ... wielding a +4 quarterstaff of chaos
              (9 damage)
             ... on level 2 of the Dungeon.
             The game lasted 00:00:58 (1344 turns).

Adrian566 the Slasher (Vampire Gladiator)           Turns: 1344, Time: 00:00:58

HP:   -4/26 (27)    AC: 12    Str: 13    XL:     3   Next: 66%
MP:   1/3           EV:  4    Int: 10    God:
Gold: 120           SH:  0    Dex: 17    Spells: 2/2 levels left

rFire   . . .        a - +0 long sword
rCold   . . .        (no shield)
rNeg    . . .        g - +0 plate armour
rPois   .            c - +0 helmet
rElec   .            (no cloak)
rCorr   .            i - +0 pair of gloves
SInv    +            (no boots)
Will    .....        (no amulet) Stlth
                     (no ring)
HPRegen 0.44/turn    (no ring)
MPRegen 0.08/turn

%: no passive effects
@: flying, healing quickly, lightly drained
A: alive, fangs 3, see invisible, vampiric 2
a: Exsanguinate


You were on level 2 of the Dungeon.
You visited 1 branch of the dungeon, and saw 2 of its levels.

You collected 120 gold pieces.

Inventory:

Hand Weapons
 a - a +0 long sword (weapon)
Missiles
 d - 3 throwing nets (quivered)
 e - a javelin
Armour
 c - a +0 helmet (worn)
 g - a +0 plate armour (worn)
 i - a +0 pair of gloves (worn)
Scrolls
 b - a scroll of fear {unknown}
 h - a scroll of brand weapon {unknown}
 j - a scroll of butterflies {unknown}
 k - 3 scrolls of noise {unknown}
 l - a scroll of silence {unknown}
 m - a scroll of blinking {unknown}
 n - a scroll of torment {unknown}
 o - a scroll of fog {unknown}
Potions
 f - a potion of flight


   Skills:
 + Level 1.9 Fighting
 * Level 4.2 Long Blades
 + Level 1.6 Throwing
 + Level 0.1 Armour
 + Level 3.7 Dodging


You had 2 spell levels left.
You didn't know any spells.
Your spell library contained the following spells:

 Spells                   Type           Power      Damage    Failure   Level
 Tukima's Dance           Hex            0%         N/A       100%        3
 Passage of Golubria      Tloc           0%         N/A       100%        4
 Yara's Violent Unravell  Hex/Tmut       0%         3d3       100%        5


Dungeon Overview and Level Annotations

Branches:
Dungeon (2/15)

Altars:
Xom

Annotations:
D:2 Crazy Yiuf


Innate Abilities, Weirdness & Mutations

Your natural rate of healing is accelerated.
You have razor-sharp teeth.
You have supernaturally acute eyesight. (SInv)
You are afflicted with vampirism and can become a bat while bloodless.


Message History

No target in view!
No target in view!
No target in view!
No target in view!
Found a hammer.
Found a runed translucent door.
Crazy Yiuf shouts!
Could not explore, unopened runed door.
No reachable target in view!
No reachable target in view!
No reachable target in view!
No reachable target in view!
It was a potion of flight.
You feel very buoyant.
You fly up into the air.
You reach down and open the door.
Crazy Yiuf waves his quarterstaff at you.
You barely miss Crazy Yiuf.
Crazy Yiuf grits, "Race sizzlefizz tortoise!"
Crazy Yiuf barely misses you.
You closely miss Crazy Yiuf. Your bite misses Crazy Yiuf.
Crazy Yiuf hits you with a +4 quarterstaff of chaos!
Crazy Yiuf burns you.
You hit Crazy Yiuf.
Crazy Yiuf is lightly wounded.
Crazy Yiuf screams, "Adder pizzabubble forty-two!"
Crazy Yiuf hits you with a +4 quarterstaff of chaos.
You feel your power leaking away. Crazy Yiuf barely misses you.
You are too injured to fight recklessly!
You are too injured to fight recklessly!
You slash Crazy Yiuf!
Crazy Yiuf is heavily wounded.
Crazy Yiuf hits you with a +4 quarterstaff of chaos.
* * * LOW HITPOINT WARNING * * *
You feel drained.
* * * LOW HITPOINT WARNING * * *
You slash Crazy Yiuf!
Crazy Yiuf is almost dead.
Crazy Yiuf hits you with a +4 quarterstaff of chaos!
You die...

#.......###.########.##.#...
#.....### ### #....##.#...
####### #......#.... #####
#....##.#... #..)#
######...... #...# #......
... #...... #g# ####... ##@#
#... #.## #... ##.# ##.##
#.## #..# ##.## ####.##
#...## #....# #....#
####.#### #....# ##....#
#....####..####


You could see Crazy Yiuf.

Vanquished Creatures
  A gnoll (D:1)
  A worm (D:2)
  3 dart slugs
  2 endoplasms
  6 goblins
  2 hobgoblins (D:1)
  3 jackals (D:1)
  4 kobolds (D:1)
  A quokka (D:2)
  4 ball pythons
  A bat (D:2)
  3 frilled lizards
  4 rats
35 creatures vanquished.

Notes
Turn   | Place    | Note
-------+----------+-------------------------------------------
     0 | D:1      | Adrian566 the Vampire Gladiator began the quest for the
                  | Orb.
     0 | D:1      | Reached XP level 1. HP: 16/16 MP: 1/1
   109 | D:1      | Reached XP level 2. HP: 22/22 MP: 2/2
   402 | D:1      | Gained mutation: You are afflicted with vampirism and can
                  | become a bat while bloodless. [Vampire growth]
   402 | D:1      | Reached XP level 3. HP: 20/27 MP: 3/3
   716 | D:1      | Reached skill level 4 in Long Blades
   885 | D:2      | Found a faded altar of an unknown god.
   918 | D:2      | Found a shimmering altar of Xom.
  1334 | D:2      | Found a runed translucent door.
  1335 | D:2      | Noticed Crazy Yiuf
  1344 | D:2      | Slain by Crazy Yiuf

Illustrated notes

Levels and vault maps discovered:
D:1:      lordsloth_arrival_two_stooges, layout_loops_ring
D:2:      layout_loops_ring, basic_altar, dreamdust_ecumenical_altar_grove,
          uniq_crazy_yiuf_cottage

Skill      XL: |  1  2  3 |
---------------+----------+-----
Long Blades    | 4 |  4.2
Fighting       | |  1.9
Throwing       | |  1.6
Armour         | |  0.1
Dodging        | |  3.7

Action                     || total
---------------------------++-------
  Melee: Long sword        ||    89
         Bite              ||     5
    Use: Potion            ||     1
 Armour: Plate armour      ||    58
  Dodge: Dodged            ||    14

Table legend: (Time is in decaauts)
 A = Elapsed time spent in this place.
 B = Non-inter-level travel time spent in this place.
 C = Inter-level travel time spent in this place.
 D = Time resting spent in this place.
 E = Time spent auto-exploring this place.
 F = Levels seen in this place.
 G = Mean time per level.
                   A        B        C        D        E       F      G
               +--------+--------+--------+--------+--------+-----+--------+
         Total |   1363 |   1317 |     46 |      0 |   1078 |   2 |  681.5 |
       Dungeon |   1363 |   1317 |     46 |      0 |   1078 |   2 |  681.5 |
               +--------+--------+--------+--------+--------+-----+--------+

Top non-repeatable levels by time:
     D:1: 808 daAuts
     D:2: 555 daAuts
